 Dungeon Crawl Stone Soup version 0.29.1-13-g9f3cf754e1 (webtiles) character file.

Game seed: 4855048886308546698

31 Kornephoros the Ducker (level 3, 0/26 HPs)
             Began as a Djinni Fire Elementalist on Jan 28, 2023.
             Slain by a rat (1 damage)
             ... on level 1 of the Dungeon.
             The game lasted 00:10:51 (2093 turns).

Kornephoros the Ducker (Djinni Fire Elementalist)   Turns: 2093, Time: 00:10:55

Health: 0/26       AC:  2    Str:  7    XL:     3   Next: 40%
Gold:   56         EV: 12    Int: 18    God:
                   SH:  0    Dex: 13

rFire   + + .      SeeInvis .   (no weapon)
rCold   x . .      Faith    .   e - orb {mayhem}
rNeg    . . .      Spirit   .   a - +0 robe
rPois   ∞          Reflect  .   (no helmet)
rElec   .          Harm     .   (no cloak)
rCorr   .          Rampage  .   (no gloves)
Will    .....                   (boots unavailable)
Stlth   ++........              (no amulet)
HPRegen 0.08/turn               (no ring)
MPRegen 0.00/turn               (no ring)

@: flying
A: sickness immunity, fire resistance 2, cold vulnerability 1, float, innate
caster, HP casting, extra vitality 1
a: no special abilities


You were on level 1 of the Dungeon.
You visited 1 branch of the dungeon, and saw 2 of its levels.

You collected 56 gold pieces.

Inventory:

Armour
 a - a +0 robe (worn)
 e - an orb of mayhem (worn)
Wands
 k - a wand of iceblast (11)
Scrolls
 c - 2 scrolls of identify
 d - a scroll of immolation {unknown}
 h - a scroll of fear {unknown}
 i - a scroll of noise {unknown}
 j - 2 scrolls of teleportation {unknown}
 l - a scroll of enchant weapon {unknown}
Potions
 b - a potion of ambrosia {unknown}
 f - 2 potions of heal wounds
 g - a potion of brilliance {unknown}


   Skills:
 + Level 0.3 Fighting
 + Level 0.1 Staves
 + Level 2.8 Dodging
 - Level 2.1 Stealth
 + Level 2.7 Spellcasting


You couldn't memorise any spells.
You knew the following spells:

 Your Spells              Type           Power      Damage    Failure   Level
a - Foxfire               Conj/Fire      48%        2x1d6     5%          1
b - Scorch                Fire           24%        2d6       9%          2
c - Conjure Flame         Conj/Fire      12%        6-21      16%         3
d - Inner Flame           Hex/Fire       12%        N/A       16%         3
e - Flame Wave            Conj/Fire      12%        2d6       47%         4
f - Sting                 Tmut/Pois      48%        1d5       5%          1
Your spell library was empty.

Dungeon Overview and Level Annotations

Branches:
Dungeon (2/15)

Altars:

Shops:
D:1 (


Innate Abilities, Weirdness & Mutations

You are immune to sickness and miasma.
You are immune to poison.
Your flesh is very heat resistant. (rF++)
You are vulnerable to cold. (rC-)
You float through the air rather than walking.
You learn spells naturally, not from books.
Your magical power is your life essence.
You have superior vitality. (+4 MHP)


Message History

The rat flies into a frenzy!
Unknown command.
Unknown command.
You are too injured to fight recklessly!
A rat is nearby!
A rat is nearby!
A rat is nearby!
You are too injured to fight recklessly!
Unknown command.
A ball python comes into view.
The rat bites you. The rat bites you but does no damage.
You are too injured to fight recklessly!
The rat attacks as you move away! The rat bites you but does no damage.
The rat bites the ball python.
The ball python bites you but does no damage.
The ball python closely misses you.
The rat bites the ball python.
The ball python dies!
The rat barely misses you. The rat bites you.
* * * LOW HITPOINT WARNING * * *
The rat barely misses you.
There is an escape hatch in the ceiling here.
The rat bites you.
* * * LOW HITPOINT WARNING * * *
The rat barely misses you. A mysterious force pulls you upwards.
The hatch slams shut behind you.
You are too injured to fight recklessly!
You completely miss the rat. The rat bites you but does no damage.
You closely miss the rat. The rat barely misses you. x2
You hit the rat but do no damage. The rat bites you.
* * * LOW HITPOINT WARNING * * *
You closely miss the rat. The rat closely misses you. x2
You hit the rat.
The rat is moderately wounded.
The rat is no longer moving quickly.
The rat no longer looks unusually strong.
The rat is no longer in an insane frenzy.
The rat bites you.
You die...

............#.#
#######.####.####################
#..# #..................... ##.#
#########.........#### #.#
#.#######.# #.# #.# #.# #.# ###
#.# #.# #.# ##.## #.# #.#
########.# ##.r@# #.# #.#
#.....##.# ##....###.# #.# #
...##.##.###...#..##.# #.# #
..÷.#.#..##...##.....# #.# #
.....##......######### #.# #
.∩...##.....## ##########.# #
.....##....## ##..........# #
....###.....## ##...######### #
...## #......####..#..### #


You could see a rat (slow).

Vanquished Creatures
  4 endoplasms
  2 goblins
  4 hobgoblins
  A kobold (D:1)
  2 quokkas
  8 ball pythons
  2 bats (D:1)
  A frilled lizard (D:1)
  A rat (D:2)
25 creatures vanquished.

Vanquished Creatures (collateral kills)
  A ball python (D:2)
1 creature vanquished.

Vanquished Creatures (others)
  89 foxfires
89 creatures vanquished.

Grand Total: 115 creatures vanquished

Notes
Turn   | Place    | Note
-------+----------+-------------------------------------------
     0 | D:1      | Kornephoros the Djinni Fire Elementalist began the quest
                  | for the Orb.
     0 | D:1      | Kornephoros set off with the following spells memorised:
                  | Foxfire, Scorch, Conjure Flame, Inner Flame, Flame Wave.
     0 | D:1      | Reached XP level 1. HP: 15/15 MP: 0/0
   802 | D:1      | Reached XP level 2. HP: 18/21 MP: 0/0
  1176 | D:1      | Found Tuschyleng's Weapon Boutique.
  1637 | D:1      | Reached XP level 3. HP: 24/25 MP: 0/0
  1637 | D:1      | Learned a level 1 spell: Sting
  2091 | D:1      | HP: 1/26 [rat (2)]
  2093 | D:1      | Slain by a rat

Illustrated notes

Levels and vault maps discovered:
D:1:      elethiomel_arrival_shortcut, layout_loops_ring, serial_shops,
          nicolae_shop_bloodbath_and_beyond
D:2:      layout_basic, minmay_tree_intersection, minmay_misc_feat_five,
          uniq_sigmund, uniq_robin

Skill      XL: |  1  2 |
---------------+-------+-----
Stealth        | 2 |  2.1
Fighting       | |  0.3
Staves         | |  0.1
Dodging        | |  2.8
Spellcasting   | |  2.7

Action                   || total
-------------------------++-------
Melee: Unarmed           ||     6
 Cast: Foxfire           ||    55
  Use: Scroll            ||     1
Armor: Robe              ||    11
Dodge: Dodged            ||    28
